 Dungeon Crawl Stone Soup version 0.21.1-1-g345015fe64 (webtiles) character file.

2090 3rdEnemy the Archer (level 9, -1/79 HPs)
             Began as a Centaur Hunter on July 24, 2018.
             Killed from afar by Fascinator's ghost (22 damage)
             ... with a lance of force
             ... on level 7 of the Dungeon.
             The game lasted 00:26:30 (5894 turns).

3rdEnemy the Archer (Centaur Hunter)                Turns: 5894, Time: 00:26:30

Health: -1/79      AC:  9    Str: 18    XL:     9   Next: 6%
Magic:  9/9        EV: 10    Int: 10    God:
Gold:   334        SH:  0    Dex: 10    Spells: 8/8 levels left

rFire    . . .     SeeInvis +   a - +1 shortbow
rCold    + . .     Gourm    .   (shield currently unavailable)
rNeg     . . .     Faith    .   s - +1 robe {rC+}
rPois    .         Spirit   .   q - +2 hat
rElec    .         Reflect  .   (no cloak)
rCorr    .         Harm     .   (no gloves)
MR       .....     Clarity  +   (no barding)
Stlth    +.........             x - amulet of magic regeneration
HPRegen  0.63/turn              j - +2 ring of protection
MPRegen  0.36/turn              t - ring of see invisible

@: drained, very quick
A: large, antennae 1, hooves 3, clarity, deformed body, speed 2, regeneration 1,
tough skin 3, subdued magic 1
a: no special abilities


You were on level 7 of the Dungeon.
You were not hungry.

You visited 1 branch of the dungeon, and saw 7 of its levels.

You collected 334 gold pieces.

Inventory:

Hand Weapons
 a - a +1 shortbow (weapon)
 b - a +2 short sword of protection
Missiles
 d - 36 arrows (quivered)
Armour
 q - a +2 hat (worn)
 s - a +1 robe of cold resistance (worn)
Magical Staves
 l - an uncursed staff of energy
Jewellery
 j - a +2 ring of protection (left hand)
 t - a ring of see invisible (right hand)
 v - an uncursed ring of resist corrosion
 x - an amulet of magic regeneration (around neck)
Wands
 n - a wand of acid (8)
 A - a wand of enslavement (11)
Scrolls
 c - a scroll of immolation
 e - a scroll of fog
 h - 10 scrolls of identify
 u - 3 scrolls of enchant weapon
 y - a scroll of teleportation
 B - a scroll of remove curse
Potions
 g - a potion of agility
 k - a potion of haste {unknown}
 m - a potion of mutation
 o - a potion of curing
Comestibles
 f - 7 rations


   Skills:
 + Level 7.6(7.1) Fighting
 + Level 10.9(10.3) Bows
 - Level 3.0(2.6) Armour
 - Level 3.0(2.6) Dodging
 - Level 1.0(0.6) Stealth


You had 8 spell levels left.
You didn't know any spells.

Dungeon Overview and Level Annotations

Branches:
Dungeon (7/15)
 Temple: D:4-7

Altars:
Makhleb
Nemelex Xobeh
Yredelemnul

Shops:
D:5 =(

Annotations:
D:7 Fascinator's ghost, novice DrCj


Innate Abilities, Weirdness & Mutations

You have hooves in place of feet.
Armour fits poorly on your strangely shaped body.
You cover ground very quickly.
You have extremely tough skin. (AC +3)
You have a pair of small antennae on your head.
You possess an exceptional clarity of mind.
Your natural rate of healing is unusually fast.
Your spells are a little easier to cast, but a little less powerful.


Message History

Aim: Fascinator's ghost (moderately damaged)
You shoot an arrow.
The arrow barely misses Fascinator's ghost.
Fascinator's ghost hits you.
Firing (i - inventory):
d - 38 arrows (quivered)
Press: ? - help, Shift-Dir - straight line, f/p - Fascinator's ghost
Aim: Fascinator's ghost (moderately damaged)
You shoot an arrow. The arrow misses Fascinator's ghost.
Firing (i - inventory):
d - 37 arrows (quivered)
Press: ? - help, Shift-Dir - straight line, f/p - Fascinator's ghost
Aim: Fascinator's ghost (moderately damaged)
You shoot an arrow.
The arrow hits Fascinator's ghost but does no damage.
Fascinator's ghost is moderately damaged.
Fascinator's ghost points at you and mumbles some strange words.
The spray of energy hits you!
* * * LOW HITPOINT WARNING * * *
Fascinator's ghost gestures at you while chanting.
The lance of force hits you!
You die...

##...(..##.#####.
#......((........
#......(...#####
#.######(### #.
#.# #. #####.#
#.##..((.#
......#.W#
......#.@#
####...####
#........#
#........#
#........#
#........#
##########


You could see Fascinator's ghost.

Vanquished Creatures
  The ghost of Niraks the Basher, a novice MiBe of Trog (D:6)
  Grinder (D:6)
  Edmund (D:6)
  A water moccasin (D:6)
  A centaur (D:5)
  3 ogres
  A bullfrog (D:6)
  7 wights
  2 crimson imps (D:5)
  A bullfrog zombie (D:5)
  A hound (D:5)
  2 jellies
  2 worker ants (D:6)
  10 adders
  A shadow imp (D:5)
  An ooze (D:2)
  An adder skeleton (D:5)
  5 dart slugs
  3 worms
  5 leopard geckos
  9 orcs
  A ball python (D:6)
  8 giant cockroaches
  11 goblins
  5 hobgoblins
  6 jackals
  4 quokkas
  9 bats
  4 frilled lizards
  8 kobolds
  5 rats
120 creatures vanquished.

Notes
Turn   | Place    | Note
-------+----------+-------------------------------------------
     0 | D:1      | 3rdEnemy the Centaur Hunter began the quest for the Orb.
     0 | D:1      | Reached XP level 1. HP: 17/17 MP: 1/1
   132 | D:1      | Reached XP level 2. HP: 17/24 MP: 2/2
   959 | D:2      | Reached skill level 1 in Stealth
   959 | D:2      | Reached XP level 3. HP: 22/30 MP: 3/3
  1413 | D:2      | Reached XP level 4. HP: 37/37 MP: 4/4
  1629 | D:3      | Reached skill level 1 in Armour
  1680 | D:3      | Reached skill level 6 in Bows
  1992 | D:3      | Found a sparkling altar of Nemelex Xobeh.
  2193 | D:3      | Reached XP level 5. HP: 45/45 MP: 5/5
  2412 | D:4      | Found a burning altar of Makhleb.
  2453 | D:4      | Noticed an ogre
  2601 | D:4      | Killed an ogre
  2824 | D:5      | Entered Level 5 of the Dungeon
  2827 | D:5      | Found Tase's Antique Weapon Shop.
  2907 | D:5      | Reached XP level 6. HP: 52/52 MP: 6/6
  2994 | D:5      | Reached skill level 7 in Bows
  3062 | D:5      | Reached XP level 7. HP: 24/60 MP: 7/7
  3352 | D:5      | Found Pygrykh's Jewellery Boutique.
  3671 | D:6      | Noticed Grinder
  3678 | D:6      | Paralysed by Grinder for 5 turns
  4011 | D:6      | Found a basalt altar of Yredelemnul.
  4116 | D:6      | Reached skill level 8 in Bows
  4160 | D:6      | Noticed Niraks's ghost (novice MiBe)
  4482 | D:6      | Killed Grinder
  4482 | D:6      | Reached skill level 5 in Fighting
  4482 | D:6      | Reached XP level 8. HP: 58/69 MP: 8/8
  4508 | D:6      | Gained mutation: You are weak. (Str -2) [potion of mutation]
  4508 | D:6      | Lost mutation: You are weak. (Str -2) [potion of mutation]
  4519 | D:6      | Gained mutation: Your natural rate of healing is unusually fast. [potion of mutation]
  4519 | D:6      | Gained mutation: Your spells are a little easier to cast, but a little less powerful. [potion of mutation]
  4519 | D:6      | Gained mutation: You have a pair of small antennae on your head. [potion of mutation]
  4519 | D:6      | Gained mutation: You possess an exceptional clarity of mind. [potion of mutation]
  4685 | D:6      | Noticed Edmund
  4718 | D:6      | Killed Edmund
  4718 | D:6      | Reached skill level 9 in Bows
  5069 | D:6      | Killed Niraks's ghost
  5069 | D:6      | Reached skill level 10 in Bows
  5325 | D:6      | Reached XP level 9. HP: 70/79 MP: 9/9
  5550 | D:7      | Noticed Fascinator's ghost (novice DrCj)
  5894 | D:7      | Killed from afar by Fascinator's ghost

Skill      XL: |  1  2  3  4  5  6  7  8 |
---------------+-------------------------+-----
Stealth        | 1 |  1.0
Dodging        | 2 3 |  3.0
Armour         | 1 2 3 |  3.0
Bows           | 6 7 8 10 | 10.9
Fighting       | 3 4 5 7 |  7.6

Action                   |  1- 3 |  4- 6 |  7- 9 || total
-------------------------+-------+-------+-------++-------
Melee: Short sword       |    72 |   205 |   148 ||   425
       Kick              |    14 |    39 |    50 ||   103
       Dagger            |    21 |       |       ||    21
       Long sword        |       |       |    10 ||    10
 Fire: Shortbow          |    23 |    32 |   119 ||   174
  Use: Scroll            |       |     3 |     4 ||     7
       Potion            |       |       |    11 ||    11
  Eat: Chunk             |     1 |     3 |     5 ||     9
       Ration            |       |       |     1 ||     1
Armor: Leather armour    |    59 |       |       ||    59
       Ring mail         |     9 |   113 |    97 ||   219
       Robe              |       |       |    19 ||    19
Dodge: Dodged            |    63 |    86 |    89 ||   238
       Rpst.: Long sword |       |       |     4 ||     4
